AoeStats
← Alexander781987

Arabia

509788060Analyzed
1v1 RM · 3d ago on Sep 28, 2026· 36m 48s· 2 players
Game mode
Random Map
Map size
Tiny (2 player)
Population
200
Speed
Normal
Resources
Standard
Victory
Conquest
Starting age
Dark Age
Ending age
Imperial Age
RankedLock teamsTeams togetherTeam positionsShared explorationLock speedFull tech treeHidden civsTurbo modeCheats
Victory
Defeat
🇦🇺 Vietnamese · Australia
844
+15
🇺🇸 Celts · United States
828
-15
Alexander781987
5:01 Loom
11:09 Feudal Age
11:26 Man-at-Arms
13:12 Man-at-Arms
16:43 Double-Bit Axe
16:41 Horse Collar
17:14 Gold Mining
20:24 Castle Age
19:21 Arson
20:57 Long Swordsman
21:23 Gambesons
22:14 Forging
22:05 Scale Mail Armor
24:24 Bow Saw
24:37 Fletching
24:49 Padded Archer Armor
25:41 Wheelbarrow
28:29 Elite Skirmisher
32:23 Gold Shaft Mining
34:44 Stone Mining
Coley
7:26 Loom
9:54 Feudal Age
10:24 Double-Bit Axe
11:25 Horse Collar
13:09 Fletching
20:22 Castle Age
20:35 Crossbowman
21:15 Bodkin Arrow
21:48 Gold Mining
22:14 Bow Saw
22:09 Heavy Plow
30:33 Stone Mining
33:16 Imperial Age
31:33 Ballistics
36:41 Arbalester
37:26 Bracer
37:27 Padded Archer Armor
Connection lost

Rejoining the realm…

Still unreachable

The connection could not be restored.

Session expired

The server has moved on; the page needs a fresh start.